 Dungeon Crawl Stone Soup version 0.27-a0-1319-geec4fb4e21 (webtiles) character file.

Game seed: 17765343561379134168

1277 NinjaVampirate the Grappler (level 8, -2/111 HPs)
             Began as a Troll Monk on June 21, 2021.
             Was a Believer of Wu Jian.
             Slain by a boulder beetle (20 damage)
             ... on level 6 of the Dungeon.
             The game lasted 00:43:13 (4495 turns).

NinjaVampirate the Grappler (Troll Monk)            Turns: 4495, Time: 00:43:14

Health: -2/111     AC:  7    Str: 22    XL:     8   Next: 29%
Magic:  7/7        EV:  6    Int:  6    God:    Wu Jian [**....]
Gold:   273        SH: 15    Dex: 12    Spells: 7/7 levels left

rFire    . . .     SeeInvis .     - Unarmed
rCold    . . .     Faith    +   l - +2 tower shield {AC+3}
rNeg     + . .     Spirit   .   a - +0 robe
rPois    .         Reflect  .   (helmet restricted)
rElec    .         Harm     .   (no cloak)
rCorr    .         Rampage  .   (gloves unavailable)
Will     .....                  (boots unavailable)
Stlth    ..........             r - amulet of faith
HPRegen  1.28/turn              d - ring of positive energy
MPRegen  0.10/turn              (no ring)

@: berserking, very quick
A: large, unfitting armour, claws 3, regeneration 1, shaggy fur 1, tough skin 1
a: Renounce Religion, Wall Jump


You were on level 6 of the Dungeon.
You worshipped Wu Jian.
Wu Jian was pleased with you.
You visited 2 branches of the dungeon, and saw 7 of its levels.
You also visited: Sewer.

You collected 329 gold pieces.
You spent 56 gold pieces at shops.

Inventory:

Missiles
 c - 8 atropa-tipped darts (quivered)
Armour
 a - a +0 robe (worn)
 l - a +2 tower shield of protection (worn)
Jewellery
 d - a ring of positive energy (left claw)
 k - an amulet of guardian spirit
 p - a ring of positive energy
 r - an amulet of faith (around neck)
 t - an amulet of regeneration
Wands
 q - a wand of flame (17)
Scrolls
 i - a scroll of fear
 m - a scroll of amnesia
 n - a scroll of acquirement
 o - 2 scrolls of identify
 s - a scroll of silence
 u - a scroll of blinking {unknown}
Potions
 b - a potion of haste
 f - a potion of curing {unknown}
 g - a potion of heal wounds
 h - a potion of attraction {unknown}
 j - 3 potions of flight {unknown}


   Skills:
 - Level 2.4 Fighting
 + Level 4.0 Dodging
 - Level 1.0 Stealth
 + Level 1.4 Shields
 * Level 9.5 Unarmed Combat


You had 7 spell levels left.
You didn't know any spells.
Your spell library contained the following spells:

 Spells                   Type           Power      Damage    Failure   Level
 Animate Skeleton         Necr           0%         N/A       100%        1
 Apportation              Tloc           0%         N/A       100%        1
 Corona                   Hex            0%         N/A       100%        1
 Pain                     Necr           0%         1d4       100%        1
 Shock                    Conj/Air       0%         1d3       100%        1
 Summon Small Mammal      Summ           0%         N/A       100%        1
 Static Discharge         Conj/Air       0%         N/A       100%        2
 Swiftness                Air            0%         N/A       100%        3
 Vampiric Draining        Necr           0%         2d6       100%        3
 Airstrike                Air            0%         N/A       100%        4
 Animate Dead             Necr           0%         N/A       100%        4
 Agony                    Necr           0%         N/A       100%        5
 Lightning Bolt           Conj/Air       0%         1d11      100%        5


Dungeon Overview and Level Annotations

Branches:
Dungeon (6/15)             Temple (1/1) D:5           Sewer (visited)

Altars:
Ashenzari
Cheibriados
Dithmenos
Elyvilon
Hepliaklqana
Kikubaaqudgha
Qazlal
Ru
Sif Muna
Trog
Vehumet
Wu Jian
Xom
Yredelemnul
Zin
The Shining One

Shops:
D:1 !=::[   D:2 [


Innate Abilities, Weirdness & Mutations

You are too large for most types of armour.
You have claws for hands.
Your natural rate of healing is unusually fast.
You are covered in fur. (AC +1)
You have tough skin. (AC +1)


Message History

The boulder beetle is moderately wounded.
The boulder beetle leaps!
The boulder beetle leaps!
The boulder beetle curls into a ball and begins rolling!
The boulder beetle hits you!!!
Ouch! That really hurt!
* * * LOW HITPOINT WARNING * * *
The boulder beetle stops rolling and uncurls.
Okay, then.
As you read the scroll of fear, it crumbles to dust.
You assume a fearsome visage.
The boulder beetle looks frightened!
The boulder beetle leaps!
You start resting.
A boulder beetle is nearby!
A boulder beetle is nearby!
You lunge at the boulder beetle.
You scratch the boulder beetle but do no damage.
The boulder beetle is lightly wounded.
The boulder beetle completely misses you.
You scratch the boulder beetle but do no damage.
The boulder beetle is lightly wounded.
You block the boulder beetle's attack.
The boulder beetle curls into a ball and begins rolling!
You block the boulder beetle's attack.
The boulder beetle stops rolling and uncurls.
You scratch the boulder beetle but do no damage.
The boulder beetle is lightly wounded.
The boulder beetle bites you!!
* * * LOW HITPOINT WARNING * * *
Press: ? - help, v - describe, . - travel
Here: a boulder beetle The floor.
A red film seems to cover your vision as you go berserk!
You feel yourself moving faster!
You feel mighty! The boulder beetle bites you!
* * * LOW HITPOINT WARNING * * *
You are too berserk!
You claw the boulder beetle!
The boulder beetle is lightly wounded.
The boulder beetle bites you!!
You die...

##............#
...........##.#
##..###.##.##.# #
#..# #.##.##.# ..
#..# #.##B##.### ...
#..###.##......#
...##......#####.#.#
#...........# #.#°#
........###.# #@#B#
#####.#.# .# #B#○#
#...# .# #...# ##..#
.# ###.# #..# .#
##.## #..# ##...##
#..# ##..>..##
######..#
###...<...#######
....)...#
.................#


You could see a boulder beetle.

Vanquished Creatures
  A water moccasin (D:4)
  A sky beast (D:5)
  Purgy (Sewer)
  A black bear (D:5)
  A necrophage (D:5)
  An ogre (D:5)
  A kobold brigand (D:6)
  A scorpion (D:4)
  A wyvern zombie (D:5)
  A howler monkey (D:6)
  A jelly (D:4)
  3 hounds
  2 orc priests
  4 iguanas
  A howler monkey zombie (D:3)
  3 gnolls (D:2)
  6 adders
  2 river rats (D:4)
  A shadow imp (D:4)
  A white imp (D:3)
  A worm (D:2)
  3 dart slugs
  10 orcs
  10 ball pythons
  3 bats
  7 endoplasms
  2 giant cockroaches (D:2)
  5 goblins
  2 hobgoblins
  8 jackals
  10 kobolds
  2 quokkas
  A frilled lizard (D:2)
  5 rats
103 creatures vanquished.

Notes
Turn   | Place    | Note
-------+----------+-------------------------------------------
     0 | D:1      | NinjaVampirate the Troll Monk began the quest for the Orb.
     0 | D:1      | Reached XP level 1. HP: 22/22 MP: 0/0
    30 | D:1      | Found Joucs's Jewellery Shoppe.
   118 | D:1      | Found Geyv's Book Shop.
   164 | D:1      | Found Juuxajad's Distillery.
   357 | D:1      | Found a faded altar of an unknown god.
   449 | D:1      | Found Kyaleff's Armour Emporium.
   473 | D:1      | Bought a +0 ring mail for 56 gold pieces
   517 | D:1      | Reached XP level 2. HP: 29/29 MP: 1/1
   699 | D:2      | Reached XP level 3. HP: 22/36 MP: 2/2
   702 | D:2      | Reached skill level 4 in Unarmed Combat
   853 | D:2      | Reached XP level 4. HP: 44/44 MP: 3/3
   938 | D:2      | Found Fiteb's Antique Armour Emporium.
  1322 | D:3      | Found a sacrificial altar of Ru.
  1478 | D:3      | Reached skill level 5 in Unarmed Combat
  1581 | D:3      | Reached XP level 5. HP: 41/50 MP: 4/4
  2394 | D:4      | Noticed a water moccasin
  2400 | D:4      | Killed a water moccasin
  2401 | D:4      | Reached skill level 6 in Unarmed Combat
  2401 | D:4      | Reached XP level 6. HP: 49/59 MP: 5/5
  2417 | D:4      | Found an ancient bone altar of Kikubaaqudgha.
  2478 | D:4      | Found a glowing drain.
  2510 | Sewer    | Entered a sewer
  2574 | Sewer    | Noticed Purgy
  2579 | Sewer    | Killed Purgy
  2580 | Sewer    | Reached skill level 7 in Unarmed Combat
  2833 | D:4      | Reached XP level 7. HP: 52/66 MP: 4/6
  2958 | D:4      | Identified a scroll of acquirement
  2958 | D:4      | Acquired a +2 tower shield of protection
  3239 | D:5      | Entered Level 5 of the Dungeon
  3302 | D:5      | Found a staircase to the Ecumenical Temple.
  3310 | Temple   | Entered the Ecumenical Temple
  3447 | Temple   | Became a worshipper of the Wu Jian Council
  3447 | Temple   | Reached * piety under Wu Jian
  3447 | Temple   | Reached ** piety under Wu Jian
  3476 | D:5      | Reached skill level 8 in Unarmed Combat
  3621 | D:5      | Found a shadowy altar of Dithmenos.
  3622 | D:5      | Noticed a shadow
  3634 | D:5      | Reached skill level 1 in Shields
  3638 | D:5      | Found a hazy altar of Hepliaklqana.
  3753 | D:5      | Reached skill level 9 in Unarmed Combat
  3753 | D:5      | Reached XP level 8. HP: 74/74 MP: 7/7
  4329 | D:6      | Found a glowing golden altar of the Shining One.
  4461 | D:6      | Noticed a boulder beetle
  4495 | D:6      | Slain by a boulder beetle

Illustrated notes

Levels and vault maps discovered:
D:1:      wander_arrival_lonely_grave, layout_basic,
          shapermc_ecumenical_altar_notcrosses, serial_shops,
          nicolae_lakefront_shop, shop, nicolae_shop_window_shopping,
          shop_coins, shop_fountains
D:2:      layout_loops_ring, serial_shops, shop
D:3:      layout_loops_ring, hangedman_ru_absence
D:4:      layout_rooms, lemuel_crystal_altar, enter_ossuary_5,
          portal_sewer_entry_b, ebering_dispersal_statue_hall
D:5:      layout_basic, riverfiend_overflow_shadow_ancestor,
          minmay_temple_entry_drinking_statues
D:6:      layout_loops_ring, kennysheep_little_box, kb_lookout_dungeons_type,
          st_stairs_4
Temple:   jpeg_temple_clearing

Skill      XL: |  1  2  3  4  5  6  7  8 |
---------------+-------------------------+-----
Unarmed Combat | 4 5 6 7 9 |  9.5
Dodging        | 3 4 |  4.0
Shields        | 1 |  1.4
Fighting       | |  2.4
Stealth        | |  1.0

Action                   |  1- 3 |  4- 6 |  7- 9 || total
-------------------------+-------+-------+-------++-------
Melee: Unarmed           |    41 |   136 |   112 ||   289
       Punch             |     2 |     6 |       ||     8
Invok: Whirlwind         |       |       |    11 ||    11
       Lunge             |       |       |     3 ||     3
 Abil: Wall Jump         |       |       |     2 ||     2
  Use: Scroll            |     6 |     4 |     3 ||    13
       Potion            |     1 |     2 |     1 ||     4
 Stab: Sleeping          |     4 |     3 |       ||     7
Armor: Robe              |     9 |    28 |    37 ||    74
       Skin              |       |     8 |       ||     8
Dodge: Dodged            |    18 |    60 |    15 ||    93
Block: Tower shield      |       |       |    69 ||    69

Table legend: (Time is in decaauts)
 A = Elapsed time spent in this place.
 B = Non-inter-level travel time spent in this place.
 C = Inter-level travel time spent in this place.
 D = Time resting spent in this place.
 E = Time spent auto-exploring this place.
 F = Levels seen in this place.
 G = Mean time per level.
                   A        B        C        D        E       F      G
               +--------+--------+--------+--------+--------+-----+--------+
         Total |   4509 |   4380 |    129 |    419 |   2283 |   8 |  563.6 |
       Dungeon |   4054 |   3925 |    129 |    261 |   2239 |   6 |  675.7 |
        Temple |    156 |    156 |      0 |      0 |      0 |   1 |  156.0 |
         Sewer |    298 |    298 |      0 |    158 |     43 |   1 |  298.0 |
               +--------+--------+--------+--------+--------+-----+--------+

Top non-repeatable levels by time:
     D:3: 919 daAuts
     D:5: 851 daAuts
     D:4: 727 daAuts
     D:1: 655 daAuts
     D:2: 629 daAuts
   Sewer: 298 daAuts
     D:6: 271 daAuts
  Temple: 156 daAuts
